[Event "GambitGuide"]
[Site "Internet Chess Club"]
[Date "2014.10.31"]
[Round "1"]
[White "JSBach"]
[Black "JeffH"]
[Result "1-0"]
[ICCResult "Black resigns"]
[WhiteElo "1644"]
[BlackElo "1183"]
[Opening "Vienna: `Frankenstein-Dracula' variation"]
[ECO "C27"]
[NIC "VG.02"]
[Time "19:59:07"]
[TimeControl "120+12"]

1. e4 e5 2. Nc3 Nf6 3. Bc4 Nxe4 4. Qh5 Nd6 5. Bb3 Nc6 6. Nb5 g6 7. Qf3 f5 8.
Qd5 Qe7 9. Nxc7+ Kd8 10. Nxa8 b6 11. d3 Bb7 12. Nxb6 axb6 13. Qf3 Nd4 14.
Qg3 f4 15. Qg4 h5 16. Qxg6 Rh6 17. Qg8 Qf6 18. Ne2 Nxe2 19. Kxe2 Rh8 20.
Qxh8 Qxh8 21. Rg1 Qg7 22. Kf1 Nf5 23. Bd2 Nh4 24. Ke2 Nxg2 25. Kf1 Qg4 26.
Re1 Bd6 27. Bc3 Qh3 28. Rb1 Ne3+ 29. Ke1 Nf5 30. Rg8+ Kc7 31. Re8 Qxh2 32.
Ke2 Qg2 33. Bxe5 Bxe5 34. Rxe5 Qf3+ 35. Kd2 Qxf2+ 36. Re2 Qf3 37. c3 Ng3 38.
Re7 Qf2+ 39. Kc1 Ne2+ 40. Kd1 Bf3 41. Rxe2 Qxe2+ 42. Kc1 Qe1+ 43. Kc2 Bd1+
44. Rxd1 Qe2+ 45. Rd2 Qe3 46. Bf7 f3 47. Bxh5 f2 48. Be2 Qxe2 49. Rxe2 f1=Q
50. Re7 Qf6 51. Re2 Qc6 52. a3 Qc5 53. b4 Qd5 54. c4 Qf5 55. Re7 Qf6 56. Rh7
Qa1 57. Kb3 Qb1+ 58. Kc3 Qa2 59. b5 Qxa3+ 60. Kd4 Qd6+ 61. Kc3 Qf6+ 62. Kc2
Qf2+ 63. Kc3 Qe2 64. Kd4 Qg4+ 65. Ke3 Qg5+ 66. Kd4 Qf6+ 67. Ke3 Qg6 68. Rh1
Qg3+ 69. Kd4 Qf2+ 70. Kc3 d5 71. Rh7+ Kd8 72. Ra7 dxc4 73. dxc4 Qe1+ 74. Kd4
Qh4+ 75. Kd3 Qg3+ 76. Ke4 Qg6+ 77. Kd4 Qg4+ 78. Kd3 Qg3+ 79. Kd4 Kc8 80. Ke4
Kb8 81. Ra6 Kb7 82. Ra1 Qg6+ 83. Ke3 Qe6+ 84. Kd3 Qf5+ 85. Kd2 Qf4+ 86. Kd3
Qf3+ 87. Kd2 Qe4 88. Ra4 Qg2+ 89. Ke3 Qg1+ 90. Ke4 Qe1+ 91. Kf5 Qc3 92. Kg4
Qd4+ 93. Kf5 Qd7+ 94. Ke5 Qe7+ 95. Kd4 Qh4+ 96. Kd5 Qf4 97. Ra6 Qf3+ 98. Kd4
Qf4+ 99. Kd3 Qe5 100. Ra4 Qd6+ 101. Ke4 Qc5 102. Kf3 Qd4 103. Ke2 Qc3 104.
Ra6 Qb4 105. Kd3 Qc5 106. Ra1 Kc7 107. Rf1 Kd6 108. Rd1 Ke5 109. Re1+ Kf4
110. Rf1+ Kg3 111. Rf6 Qe5 112. Rxb6 Qc7 113. Rc6 Qd7+ 114. Ke4 {Black
resigns} 1-0

[Event "GambitGuide"]
[Site "Internet Chess Club"]
[Date "2014.10.31"]
[Round "1"]
[White "JSBach"]
[Black "babawan"]
[Result "1-0"]
[ICCResult "Black resigns"]
[WhiteElo "1644"]
[BlackElo "1764"]
[Opening "Vienna: `Frankenstein-Dracula' variation"]
[ECO "C27"]
[NIC "VG.02"]
[Time "20:07:26"]
[TimeControl "120+12"]

1. e4 e5 2. Nc3 Nf6 3. Bc4 Nxe4 4. Qh5 Nd6 5. Bb3 Nc6 6. Nb5 g6 7. Qf3 f5 8.
Qd5 Qe7 9. Nxc7+ Kd8 10. Nxa8 b6 11. d3 Nb4 12. Bg5 Nxd5 13. Bxe7+ Nxe7 14.
d4 Nc6 15. dxe5 Nxe5 16. Bd5 Bb7 17. Bxb7 Nxb7 18. Ke2 Bc5 19. a4 Bd6 20.
Nf3 Ke7 21. Nxe5 Bxe5 22. f4 Bxf4 23. Rae1 Rxa8 24. Kf3+ Be5 25. Rxe5+ Kf6
26. Rhe1 Nc5 27. a5 Ne4 28. Rb5 Rb8 29. Kf4 d6 30. g4 g5+ 31. Kf3 Re8 32.
Rxf5+ {Black resigns} 1-0

[Event "GambitGuide"]
[Site "Internet Chess Club"]
[Date "2014.10.31"]
[Round "1"]
[White "JSBach"]
[Black "youngjp"]
[Result "1-0"]
[ICCResult "Black checkmated"]
[WhiteElo "1644"]
[BlackElo "2054"]
[Opening "Vienna: `Frankenstein-Dracula' variation"]
[ECO "C27"]
[NIC "VG.02"]
[Time "20:07:15"]
[TimeControl "120+12"]

1. e4 e5 2. Nc3 Nf6 3. Bc4 Nxe4 4. Qh5 Nd6 5. Bb3 Nc6 6. Nb5 g6 7. Qf3 f5 8.
Qd5 Qe7 9. Nxc7+ Kd8 10. Nxa8 b6 11. d3 Bb7 12. Nxb6 axb6 13. Qf3 Kc7 14.
Bd2 g5 15. Qh5 h6 16. Nf3 e4 17. Nxg5 Nd4 18. dxe4 Nxe4 19. Nxe4 Bxe4 20.
O-O d5 21. Rfe1 Rg8 22. Bf4+ Kb7 23. Bxd5+ Bxd5 24. Rxe7+ Bxe7 25. c4 Rxg2+
26. Kf1 Be4 27. Rd1 Ne6 28. Qxh6 Bc5 29. Bg3 Nd4 30. Qg7+ Ka6 31. Rxd4 Bxd4
32. Qxd4 f4 33. Qxe4 fxg3 34. Qa8# {Black checkmated} 1-0

[Event "GambitGuide"]
[Site "Internet Chess Club"]
[Date "2014.10.31"]
[Round "1"]
[White "JSBach"]
[Black "youngjp"]
[Result "1-0"]
[ICCResult "Black disconnected and forfeits"]
[WhiteElo "1644"]
[BlackElo "2054"]
[Opening "Vienna: `Frankenstein-Dracula' variation"]
[ECO "C27"]
[NIC "VG.02"]
[Time "20:09:03"]
[TimeControl "120+12"]

1. e4 e5 2. Nc3 Nf6 3. Bc4 Nxe4 4. Qh5 Nd6 5. Bb3 Nc6 6. Nb5 g6 7. Qf3 f5 8.
Qd5 Qe7 9. Nxc7+ Kd8 10. Nxa8 b6 11. d3 Bb7 12. Nxb6 axb6 13. Qf3 Kc7 14.
Be3 f4 15. Bd2 Nd4 16. Qg4 Bg7 17. Bb4 Rf8 18. c3 N4f5 19. Nf3 e4 20. dxe4
Nxe4 21. Bxe7 {Black disconnected and forfeits} 1-0

[Event "GambitGuide"]
[Site "Internet Chess Club"]
[Date "2014.10.31"]
[Round "1"]
[White "JSBach"]
[Black "puffin"]
[Result "1-0"]
[ICCResult "Black checkmated"]
[WhiteElo "1644"]
[BlackElo "1949"]
[Opening "Vienna: `Frankenstein-Dracula' variation"]
[ECO "C27"]
[NIC "VG.02"]
[Time "20:07:17"]
[TimeControl "120+12"]

1. e4 e5 2. Nc3 Nf6 3. Bc4 Nxe4 4. Qh5 Nd6 5. Bb3 Nc6 6. Nb5 g6 7. Qf3 f5 8.
Qd5 Qe7 9. Nxc7+ Kd8 10. Nxa8 b6 11. d3 Bb7 12. Nxb6 axb6 13. Qf3 e4 14.
dxe4 Nd4 15. Qh3 Qxe4+ 16. Be3 Bg7 17. O-O-O Nxb3+ 18. axb3 Qxg2 19. Bxb6+
Kc8 20. Qd3 Qxh1 21. Qxd6 Qc6 22. Qe7 Bf6 23. Qb4 Re8 24. Rd6 Qg2 25. Rd1
Qg4 26. Qd6 Bc6 27. Qc7# {Black checkmated} 1-0

[Event "GambitGuide"]
[Site "Internet Chess Club"]
[Date "2014.10.31"]
[Round "1"]
[White "JSBach"]
[Black "JeffH"]
[Result "1-0"]
[ICCResult "Black resigns"]
[WhiteElo "1644"]
[BlackElo "1183"]
[Opening "Vienna: `Frankenstein-Dracula' variation"]
[ECO "C27"]
[NIC "VG.02"]
[Time "20:09:44"]
[TimeControl "120+12"]

1. e4 e5 2. Nc3 Nf6 3. Bc4 Nxe4 4. Qh5 Nd6 5. Bb3 Nc6 6. Nb5 g6 7. Qf3 f5 8.
Qd5 Qe7 9. Nxc7+ Kd8 10. Nxa8 b6 11. d3 Bb7 12. Nxb6 axb6 13. Qf3 Nd4 14.
Qg3 f4 15. Qg4 h5 16. Qxg6 Rh6 17. Qg8 Qf6 18. Nf3 Nxf3+ 19. gxf3 Rh8 20.
Qg2 {Black resigns} 1-0

[Event "GambitGuide"]
[Site "Internet Chess Club"]
[Date "2014.10.31"]
[Round "1"]
[White "JSBach"]
[Black "kaiser99"]
[Result "1-0"]
[ICCResult "Black checkmated"]
[WhiteElo "1644"]
[BlackElo "1247"]
[Opening "Vienna: `Frankenstein-Dracula' variation"]
[ECO "C27"]
[NIC "VG.02"]
[Time "20:07:32"]
[TimeControl "120+12"]

1. e4 e5 2. Nc3 Nf6 3. Bc4 Nxe4 4. Qh5 Nd6 5. Bb3 Nc6 6. Nb5 g6 7. Qf3 f5 8.
Qd5 Qe7 9. Nxc7+ Kd8 10. Nxa8 b6 11. d3 Qe6 12. Qxe6 dxe6 13. f3 e4 14. Bg5+
Be7 15. Bxe7+ Kxe7 16. fxe4 fxe4 17. Nc7 Nd4 18. dxe4 Nxb3 19. axb3 Nxe4 20.
Rxa7 Rd8 21. Nd5+ Ke8 22. Nxb6 Rd6 23. Nxc8 Rd7 24. c4 Rd8 25. Re7+ Kf8 26.
Rxh7 Rxc8 27. Rh8+ Ke7 28. Rxc8 g5 29. b4 g4 30. c5 g3 31. h4 Kd7 32. Rf8
Ke7 33. Ra8 Kd7 34. h5 Nf6 35. h6 Kc7 36. Rf8 Nd7 37. h7 Nxf8 38. h8=Q Ng6
39. Qh7+ Ne7 40. Qxe7+ Kc6 41. Qxe6+ Kb5 42. Qb6+ Kc4 43. c6 Kd5 44. c7 Ke4
45. c8=Q Kf4 46. Qd4+ Kg5 47. Qcg4# {Black checkmated} 1-0

[Event "GambitGuide"]
[Site "Internet Chess Club"]
[Date "2014.10.31"]
[Round "1"]
[White "JSBach"]
[Black "JeffH"]
[Result "1-0"]
[ICCResult "Black resigns"]
[WhiteElo "1644"]
[BlackElo "1183"]
[Opening "Vienna: `Frankenstein-Dracula' variation"]
[ECO "C27"]
[NIC "VG.02"]
[Time "20:10:13"]
[TimeControl "120+12"]

1. e4 e5 2. Nc3 Nf6 3. Bc4 Nxe4 4. Qh5 Nd6 5. Bb3 Nc6 6. Nb5 g6 7. Qf3 f5 8.
Qd5 Qe7 9. Nxc7+ Kd8 10. Nxa8 b6 11. d3 Bb7 12. Nxb6 axb6 13. Qf3 Nd4 14.
Qg3 f4 15. Qg4 h5 16. Qxg6 Rh6 17. Qg8 Qf6 18. Nf3 Rh8 19. Nxd4 Rxg8 20.
Bxg8 {Black resigns} 1-0

[Event "GambitGuide"]
[Site "Internet Chess Club"]
[Date "2014.10.31"]
[Round "1"]
[White "JSBach"]
[Black "ChessTony"]
[Result "1-0"]
[ICCResult "Black resigns"]
[WhiteElo "1644"]
[BlackElo "2167"]
[Opening "Vienna: `Frankenstein-Dracula' variation"]
[ECO "C27"]
[NIC "VG.02"]
[Time "20:10:12"]
[TimeControl "120+12"]

1. e4 e5 2. Nc3 Nf6 3. Bc4 Nxe4 4. Qh5 Nd6 5. Bb3 Nc6 6. Nb5 g6 7. Qf3 f5 8.
Qd5 Qe7 9. Nxc7+ Kd8 10. Nxa8 b6 11. d3 Bb7 12. Nxb6 axb6 13. Qf3 Bg7 14.
Qh3 Kc8 15. Be3 f4 16. Bxb6 Nd4 17. Qg4 N6f5 18. Ba7 Bc6 19. c3 Nb5 20. Bb6
Kb7 21. Ba5 e4 22. Bb4 d6 23. a4 exd3+ 24. Kf1 Nc7 25. Qxf4 Nd5 26. Bxd5
Bxd5 27. Rd1 Bc4 28. Qxc4 {Black resigns} 1-0

[Event "GambitGuide"]
[Site "Internet Chess Club"]
[Date "2014.10.31"]
[Round "1"]
[White "JSBach"]
[Black "Joey218"]
[Result "1-0"]
[ICCResult "Black checkmated"]
[WhiteElo "1644"]
[BlackElo "1326"]
[Opening "Vienna: `Frankenstein-Dracula' variation"]
[ECO "C27"]
[NIC "VG.02"]
[Time "20:10:26"]
[TimeControl "120+12"]

1. e4 e5 2. Nc3 Nf6 3. Bc4 Nxe4 4. Qh5 Nd6 5. Bb3 Nc6 6. Nb5 g6 7. Qf3 f5 8.
Qd5 Qe7 9. Nxc7+ Kd8 10. Nxa8 b6 11. d3 Nb4 12. Bg5 Nxd5 13. Bxe7+ Bxe7 14.
Bxd5 Bb7 15. Bxb7 Nxb7 16. Nf3 Bd6 17. d4 e4 18. Ne5 Ke7 19. Nxb6 axb6 20.
O-O-O Bxe5 21. dxe5 Nc5 22. Rhe1 Ke6 23. Rd6+ Ke7 24. Rxb6 Re8 25. b4 Ne6
26. a4 Nd4 27. Kb1 Kf8 28. Rd1 Ne2 29. Rxd7 Rxe5 30. Rxh7 Kg8 31. Rc7 Re7
32. Rxe7 Kf8 33. Rc7 Ke8 34. Rb8# {Black checkmated} 1-0

[Event "GambitGuide"]
[Site "Internet Chess Club"]
[Date "2014.10.31"]
[Round "1"]
[White "JSBach"]
[Black "JeffH"]
[Result "0-1"]
[ICCResult "White checkmated"]
[WhiteElo "1644"]
[BlackElo "1183"]
[Opening "Vienna: `Frankenstein-Dracula' variation"]
[ECO "C27"]
[NIC "VG.02"]
[Time "20:10:57"]
[TimeControl "120+12"]

1. e4 e5 2. Nc3 Nf6 3. Bc4 Nxe4 4. Qh5 Nd6 5. Bb3 Nc6 6. Nb5 g6 7. Qf3 f5 8.
Qd5 Qe7 9. Nxc7+ Kd8 10. Nxa8 b6 11. d3 Bb7 12. Nxb6 axb6 13. Qf3 Nd4 14.
Qg3 f4 15. Qg4 h5 16. Qxg6 Rh6 17. Qg8 Qf6 18. Ne2 Nxe2 19. Kxe2 Rh8 20.
Qxh8 Qxh8 21. Rg1 Qg7 22. Kf1 Nf5 23. Bd2 Nh4 24. Ke2 Qg4+ 25. f3 Bxf3+ 26.
gxf3 Qxf3+ 27. Ke1 Ng2+ 28. Rxg2 Qxg2 29. Bxf4 Qg1+ 30. Ke2 Qxa1 31. Bxe5
Qg1 32. Bf6+ Be7 33. Be5 Qg4+ 34. Ke1 Bh4+ 35. Bg3 Bxg3+ 36. hxg3 Qxg3+ 37.
Kd1 h4 38. a4 h3 39. Bd5 h2 40. a5 Qg1+ 41. Ke2 h1=Q 42. Bxh1 Qxh1 43. axb6
Qc6 44. b4 Qxb6 45. c3 Qe6+ 46. Kd2 Kc7 47. b5 Kb6 48. c4 Qd6 49. Kc3 Qc5
50. d4 Qe7 51. d5 Qe3+ 52. Kb4 Qc5+ 53. Kc3 d6 54. Kd3 Qb4 55. Kd4 Qb2+ 56.
Kd3 Kc5 57. Ke4 Qd4+ 58. Kf5 Qxc4 59. b6 Kxb6 60. Kg6 Qxd5 61. Kf6 Qe4 62.
Kg5 d5 63. Kf6 d4 64. Kg7 d3 65. Kf6 d2 66. Kg7 d1=Q 67. Kf6 Qdf3+ 68. Kg5
Qeg4+ 69. Kh6 Qfh3# {White checkmated} 0-1

[Event "GambitGuide"]
[Site "Internet Chess Club"]
[Date "2014.10.31"]
[Round "1"]
[White "JSBach"]
[Black "puffin"]
[Result "1-0"]
[ICCResult "Black resigns"]
[WhiteElo "1644"]
[BlackElo "1949"]
[Opening "Vienna: `Frankenstein-Dracula' variation"]
[ECO "C27"]
[NIC "VG.02"]
[Time "20:11:52"]
[TimeControl "120+12"]

1. e4 e5 2. Nc3 Nf6 3. Bc4 Nxe4 4. Qh5 Nd6 5. Bb3 Nc6 6. Nb5 g6 7. Qf3 f5 8.
Qd5 Qe7 9. Nxc7+ Kd8 10. Nxa8 b6 11. d3 Bb7 12. Nxb6 axb6 13. Qf3 Bg7 14.
Be3 e4 15. Bxb6+ Kc8 16. Qe2 Bxb2 17. Rb1 Bc3+ 18. Kf1 Re8 19. Qe3 Bg7 20.
Bd5 Qe5 21. Qc5 exd3 22. cxd3 Bf8 23. Rc1 Ne4 24. Qa5 Nf6 25. Bf7 Re7 26.
Qxe5 Rxe5 27. Nf3 Rb5 28. Bd4 Bg7 29. a4 Ra5 30. Bb3 Kd8 31. Rxc6 Bxc6 32.
Bb6+ Kc8 33. Bxa5 {Black resigns} 1-0

[Event "GambitGuide"]
[Site "Internet Chess Club"]
[Date "2014.10.31"]
[Round "1"]
[White "JSBach"]
[Black "ChessTony"]
[Result "1-0"]
[ICCResult "Black resigns"]
[WhiteElo "1644"]
[BlackElo "2167"]
[Opening "Vienna: `Frankenstein-Dracula' variation"]
[ECO "C27"]
[NIC "VG.02"]
[Time "20:12:13"]
[TimeControl "120+12"]

1. e4 e5 2. Nc3 Nf6 3. Bc4 Nxe4 4. Qh5 Nd6 5. Bb3 Nc6 6. Nb5 g6 7. Qf3 f5 8.
Qd5 Qe7 9. Nxc7+ Kd8 10. Nxa8 b6 11. d3 Bb7 12. Nxb6 axb6 13. Qf3 Nd4 14.
Qg3 f4 15. Qg4 N6f5 16. Ne2 Bg7 17. Nxd4 exd4+ 18. Kf1 Nh4 19. f3 Re8 20.
Bxf4 Qe2+ 21. Kg1 Bf6 22. Bg5 Bxf3 23. Bxf6+ Kc8 24. Qg5 Nxg2 25. Bxd4
{Black resigns}
1-0

[Event "GambitGuide"]
[Site "Internet Chess Club"]
[Date "2014.10.31"]
[Round "1"]
[White "JSBach"]
[Black "attalone"]
[Result "1-0"]
[ICCResult "Black resigns"]
[WhiteElo "1644"]
[BlackElo "1396"]
[Opening "Vienna: `Frankenstein-Dracula' variation"]
[ECO "C27"]
[NIC "VG.02"]
[Time "20:13:50"]
[TimeControl "120+12"]

1. e4 e5 2. Nc3 Nf6 3. Bc4 Nxe4 4. Qh5 Nd6 5. Bb3 Nc6 6. Nb5 g6 7. Qf3 f5 8.
Qd5 Qe7 9. Nxc7+ Kd8 10. Nxa8 b6 11. d3 Bb7 12. Nxb6 axb6 13. Qf3 e4 14.
dxe4 fxe4 15. Qe3 Kc7 16. c4 Nf5 17. Qc3 Bg7 18. Qh3 Ncd4 19. Bf4+ d6 20.
O-O-O Nxb3+ 21. Qxb3 g5 22. Qb5 Nd4 23. Qxg5 Qxg5 24. Bxg5 Be5 25. Be3 Nf5
26. Kc2 Nxe3+ 27. fxe3 Rf8 28. Rd2 Bc6 29. Ne2 Rf2 30. Nc3 Rxd2+ 31. Kxd2
Bxc3+ 32. Kxc3 b5 33. Rf1 bxc4 34. Rf7+ Kb6 35. Rxh7 d5 36. g4 Kc5 37. h4
Ba4 38. g5 Bd1 39. g6 Bf3 40. g7 d4+ 41. exd4+ Kd5 42. g8=Q+ {Black resigns}
1-0

[Event "GambitGuide"]
[Site "Internet Chess Club"]
[Date "2014.10.31"]
[Round "1"]
[White "JSBach"]
[Black "scorpino"]
[Result "1-0"]
[ICCResult "Black checkmated"]
[WhiteElo "1644"]
[BlackElo "1038"]
[Opening "Vienna: `Frankenstein-Dracula' variation"]
[ECO "C27"]
[NIC "VG.02"]
[Time "20:13:04"]
[TimeControl "120+12"]

1. e4 e5 2. Nc3 Nf6 3. Bc4 Nxe4 4. Qh5 Nd6 5. Bb3 Nc6 6. Nb5 g6 7. Qf3 f5 8.
Qd5 Qe7 9. Nxc7+ Kd8 10. Nxa8 b6 11. d3 Bb7 12. Nxb6 Nb4 13. Qa5 Nc6 14. Qc5
axb6 15. Qxb6+ Kc8 16. Nf3 e4 17. Bg5 Qg7 18. Nd2 Be7 19. Bxe7 Qxe7 20. dxe4
Nxe4 21. O-O-O Qf6 22. Bd5 Re8 23. Rhe1 Re5 24. Nxe4 fxe4 25. Rd2 Qg5 26.
Bxe4 Rxe4 27. Rxe4 Qxg2 28. Re8+ Nd8 29. Qxd8# {Black checkmated} 1-0

[Event "GambitGuide"]
[Site "Internet Chess Club"]
[Date "2014.10.31"]
[Round "1"]
[White "JSBach"]
[Black "puffin"]
[Result "1/2-1/2"]
[ICCResult "Game drawn by repetition"]
[WhiteElo "1615"]
[BlackElo "1949"]
[Opening "Vienna: `Frankenstein-Dracula' variation"]
[ECO "C27"]
[NIC "VG.02"]
[Time "20:15:29"]
[TimeControl "120+12"]

1. e4 e5 2. Nc3 Nf6 3. Bc4 Nxe4 4. Qh5 Nd6 5. Bb3 Nc6 6. Nb5 g6 7. Qf3 f5 8.
Qd5 Qe7 9. Nxc7+ Kd8 10. Nxa8 b6 11. d3 Bb7 12. Nxb6 axb6 13. Qf3 Nd4 14.
Qg3 Bg7 15. Bg5 Bf6 16. Bxf6 Qxf6 17. Ba4 e4 18. dxe4 Re8 19. O-O-O Bxe4 20.
Qe3 Bxg2 21. Qxd4 Qxd4 22. Rxd4 Kc7 23. Rh4 Bxh1 24. Rxh7 Re1+ 25. Kd2 Rxg1
26. Rxd7+ Kb8 27. Rxd6 Rg2 28. Rxb6+ Ka7 29. Rd6 Rxf2+ 30. Ke3 Rxh2 31. Rxg6
Rh4 32. Bc6 Bxc6 33. Rxc6 Rh2 34. a4 Kb7 35. Rc5 Kb6 36. Rxf5 Rxc2 37. a5+
Ka6 38. b4 Rc4 39. Rf4 Rc3+ 40. Kd4 Rb3 41. Kc4 Rb1 42. Rf6+ Kb7 43. b5 Rc1+
44. Kb4 Rb1+ 45. Kc4 Rc1+ 46. Kb4 Rb1+ 47. Kc5 Rc1+ 48. Kb4 Rb1+ 49. Kc4
{Game drawn by repetition}
1/2-1/2

[Event "GambitGuide"]
[Site "Internet Chess Club"]
[Date "2014.10.31"]
[Round "1"]
[White "JSBach"]
[Black "SockenPuppen"]
[Result "0-1"]
[ICCResult "White checkmated"]
[WhiteElo "1615"]
[BlackElo "1536"]
[Opening "Vienna: `Frankenstein-Dracula' variation"]
[ECO "C27"]
[NIC "VG.02"]
[Time "20:14:45"]
[TimeControl "120+12"]

1. e4 e5 2. Nc3 Nf6 3. Bc4 Nxe4 4. Qh5 Nd6 5. Bb3 Nc6 6. Nb5 g6 7. Qf3 f5 8.
Qd5 Qe7 9. Nxc7+ Kd8 10. Nxa8 b6 11. d3 Bb7 12. Nxb6 axb6 13. Qf3 Nd4 14.
Qg3 Bg7 15. Bg5 Bf6 16. Bxf6 Qxf6 17. Ba4 g5 18. c3 Ne6 19. d4 f4 20. Qg4
exd4 21. O-O-O dxc3 22. Rxd6 cxb2+ 23. Kb1 Be4+ 24. Bc2 Bxc2+ 25. Kxc2 Ke7
26. Rd1 Rc8+ 27. Kb1 Qc3 28. Rxd7+ Kxd7 29. Qd1+ Ke7 30. Ne2 Qa3 31. Qb3 Qa6
32. Qxb2 Qd3+ 33. Ka1 Rc2 34. Qb4+ Kf6 35. Nc1 Qd5 36. Re1 Rxf2 37. Rxe6+
Qxe6 38. Qd4+ Qe5 39. Qxe5+ Kxe5 40. Nd3+ Ke4 41. Nxf2+ Ke3 42. Ng4+ Ke2 43.
a3 h5 44. Nf6 Kf2 45. Nd5 Kxg2 46. h4 gxh4 47. Nxf4+ Kg3 48. Nxh5+ Kg4 49.
Nf6+ Kf5 50. Nd5 h3 51. Ne3+ Ke4 52. Ng4 Kf4 53. Nf2 h2 54. Nh1 Kf3 55. a4
Kg2 56. Kb1 Kxh1 57. a5 bxa5 58. Kb2 Kg2 59. Ka3 h1=Q 60. Ka2 Qh4 61. Kb3
Qb4+ 62. Kc2 a4 63. Kd3 a3 64. Kc2 a2 65. Kd3 a1=Q 66. Ke2 Qaa3 67. Kd1 Qbb2
68. Ke1 Qaa1# {White checkmated} 0-1

[Event "GambitGuide"]
[Site "Internet Chess Club"]
[Date "2014.10.31"]
[Round "1"]
[White "JSBach"]
[Black "ChessTony"]
[Result "1-0"]
[ICCResult "Black resigns"]
[WhiteElo "1615"]
[BlackElo "2167"]
[Opening "Vienna: `Frankenstein-Dracula' variation"]
[ECO "C27"]
[NIC "VG.02"]
[Time "20:16:55"]
[TimeControl "120+12"]

1. e4 e5 2. Nc3 Nf6 3. Bc4 Nxe4 4. Qh5 Nd6 5. Bb3 Nc6 6. Nb5 g6 7. Qf3 f5 8.
Qd5 Qe7 9. Nxc7+ Kd8 10. Nxa8 b6 11. d3 Bb7 12. Nxb6 axb6 13. Qf3 Nd4 14.
Qh3 Bg7 15. Be3 f4 16. Bxd4 exd4+ 17. Kf1 Re8 18. Qxh7 f3 19. gxf3 Nf5 20.
Qxg6 Bxf3 21. Qxb6+ Kc8 22. Nxf3 Qe2+ 23. Kg2 Be5 24. Nxe5 Rg8+ 25. Bxg8
{Black resigns}
1-0

[Event "GambitGuide"]
[Site "Internet Chess Club"]
[Date "2014.10.31"]
[Round "1"]
[White "JSBach"]
[Black "scorpino"]
[Result "1-0"]
[ICCResult "Black resigns"]
[WhiteElo "1615"]
[BlackElo "1038"]
[Opening "Vienna: `Frankenstein-Dracula' variation"]
[ECO "C27"]
[NIC "VG.02"]
[Time "20:18:06"]
[TimeControl "120+12"]

1. e4 e5 2. Nc3 Nf6 3. Bc4 Nxe4 4. Qh5 Nd6 5. Bb3 Nc6 6. Nb5 g6 7. Qf3 f5 8.
Qd5 Qe7 9. Nxc7+ Kd8 10. Nxa8 b6 11. d3 Nb4 12. Qf3 Bb7 13. Qe3 Bxa8 14. Qg5
Bxg2 15. Qxg2 {Black resigns} 1-0

[Event "GambitGuide"]
[Site "Internet Chess Club"]
[Date "2014.10.31"]
[Round "1"]
[White "JSBach"]
[Black "BraafPaard"]
[Result "1-0"]
[ICCResult "Black resigns"]
[WhiteElo "1615"]
[BlackElo "1500"]
[Opening "Vienna: `Frankenstein-Dracula' variation"]
[ECO "C27"]
[NIC "VG.02"]
[Time "20:18:39"]
[TimeControl "120+12"]

1. e4 e5 2. Nc3 Nf6 3. Bc4 Nxe4 4. Qh5 Nd6 5. Bb3 Nc6 6. Nb5 g6 7. Qf3 f5 8.
Qd5 Qe7 9. Nxc7+ Kd8 10. Nxa8 b6 11. d3 Nd4 12. h4 Bb7 13. Bg5 Bxd5 14. Nxb6
{Black resigns}
1-0

[Event "GambitGuide"]
[Site "Internet Chess Club"]
[Date "2014.10.31"]
[Round "1"]
[White "JSBach"]
[Black "madgenius99"]
[Result "1-0"]
[ICCResult "Black resigns"]
[WhiteElo "1615"]
[BlackElo "1304"]
[Opening "Vienna: `Frankenstein-Dracula' variation"]
[ECO "C27"]
[NIC "VG.02"]
[Time "20:18:55"]
[TimeControl "120+12"]

1. e4 e5 2. Nc3 Nf6 3. Bc4 Nxe4 4. Qh5 Nd6 5. Bb3 Nc6 6. Nb5 g6 7. Qf3 f5 8.
Qd5 Qe7 9. Nxc7+ Kd8 10. Nxa8 b6 11. d3 Bb7 12. Nxb6 axb6 13. Qf3 Nd4 14.
Qh3 Bg7 15. Be3 e4 16. dxe4 Qxe4 17. O-O-O Bd5 18. Bxd4 Bxd4 19. Bxd5 Qxd5
20. Qh4+ {Black resigns} 1-0

[Event "GambitGuide"]
[Site "Internet Chess Club"]
[Date "2014.10.31"]
[Round "1"]
[White "JSBach"]
[Black "Joey218"]
[Result "1-0"]
[ICCResult "Black resigns"]
[WhiteElo "1615"]
[BlackElo "1326"]
[Opening "Vienna: `Frankenstein-Dracula' variation"]
[ECO "C27"]
[NIC "VG.02"]
[Time "20:16:57"]
[TimeControl "120+12"]

1. e4 e5 2. Nc3 Nf6 3. Bc4 Nxe4 4. Qh5 Nd6 5. Bb3 Nc6 6. Nb5 g6 7. Qf3 f5 8.
Qd5 Qe7 9. Nxc7+ Kd8 10. Nxa8 b6 11. d3 Bg7 12. Nh3 Bb7 13. Bg5 Bf6 14. Nxb6
axb6 15. g3 Nf7 16. Bxf6 Qxf6 17. Qxf7 Qxf7 18. Bxf7 Nd4 19. Kd2 Bxh1 20.
Rxh1 Nf3+ 21. Ke3 Nd4 22. Rc1 Rf8 23. Bd5 Rf6 24. Ng5 h6 25. Nf7+ Kc7 26. f4
e4 27. Kxd4 exd3 28. cxd3+ Kb8 29. Ke5 {Black resigns} 1-0

[Event "GambitGuide"]
[Site "Internet Chess Club"]
[Date "2014.10.31"]
[Round "1"]
[White "JSBach"]
[Black "graccus"]
[Result "1-0"]
[ICCResult "Black checkmated"]
[WhiteElo "1615"]
[BlackElo "1364"]
[Opening "Vienna: `Frankenstein-Dracula' variation"]
[ECO "C27"]
[NIC "VG.02"]
[Time "20:16:54"]
[TimeControl "120+12"]

1. e4 e5 2. Nc3 Nf6 3. Bc4 Nxe4 4. Qh5 Nd6 5. Bb3 Nc6 6. Nb5 g6 7. Qf3 f5 8.
Qd5 Qe7 9. Nxc7+ Kd8 10. Nxa8 b6 11. d3 Bb7 12. Nxb6 axb6 13. Qf3 Nd4 14.
Qg3 f4 15. Qg4 Qf6 16. Ba4 Bc6 17. Bb3 h5 18. Qh3 g5 19. f3 g4 20. fxg4 hxg4
21. Qxg4 Rh6 22. Nf3 Rg6 23. Qh3 Rh6 24. Qg4 Rg6 25. Qh3 Rh6 26. Qg4 Rg6 27.
Qh3 Nxf3+ 28. gxf3 Rh6 29. Qg4 Rg6 30. Qh3 Rh6 31. Qg4 Nf5 32. Qg2 Nh4 33.
Qf2 Nxf3+ 34. Kd1 Bc5 35. Qg2 Rg6 36. Qh3 Ng5 37. Qf1 Bxh1 38. Qxh1 Nh3 39.
Qa8+ Ke7 40. c3 Qh4 41. Qd5 Rg1+ 42. Kc2 Qf2+ 43. Kb1 Be3 44. Qxe5+ Kd8 45.
Qh8+ Kc7 46. Qe5+ Kb7 47. Bd5+ Ka7 48. Qc7+ Ka6 49. Qb7+ Kb5 50. Bc4+ Kc5
51. Qd5# {Black checkmated} 1-0

[Event "GambitGuide"]
[Site "Internet Chess Club"]
[Date "2014.10.31"]
[Round "1"]
[White "JSBach"]
[Black "madgenius99"]
[Result "1-0"]
[ICCResult "Black resigns"]
[WhiteElo "1615"]
[BlackElo "1304"]
[Opening "Vienna: `Frankenstein-Dracula' variation"]
[ECO "C27"]
[NIC "VG.02"]
[Time "20:19:46"]
[TimeControl "120+12"]

1. e4 e5 2. Nc3 Nf6 3. Bc4 Nxe4 4. Qh5 Nd6 5. Bb3 Nc6 6. Nb5 g6 7. Qf3 f5 8.
Qd5 Qe7 9. Nxc7+ Kd8 10. Nxa8 b6 11. d3 Bb7 12. Nxb6 axb6 13. Qf3 Nd4 14.
Qh3 e4 15. Be3 exd3 16. O-O-O Nxb3+ 17. cxb3 Ba6 18. Bxb6+ Kc8 19. Nf3 Ne4
20. Bd4 Qb4 21. Bxh8 {Black resigns} 1-0

[Event "GambitGuide"]
[Site "Internet Chess Club"]
[Date "2014.10.31"]
[Round "1"]
[White "JSBach"]
[Black "attalone"]
[Result "1-0"]
[ICCResult "Black checkmated"]
[WhiteElo "1615"]
[BlackElo "1396"]
[Opening "Vienna: `Frankenstein-Dracula' variation"]
[ECO "C27"]
[NIC "VG.02"]
[Time "20:17:28"]
[TimeControl "120+12"]

1. e4 e5 2. Nc3 Nf6 3. Bc4 Nxe4 4. Qh5 Nd6 5. Bb3 Nc6 6. Nb5 g6 7. Qf3 f5 8.
Qd5 Qe7 9. Nxc7+ Kd8 10. Nxa8 b6 11. d3 Bb7 12. Nxb6 axb6 13. Qf3 e4 14. Qe3
Kc7 15. d4 h5 16. Bd5 Bg7 17. c3 Nd8 18. Bxb7 N8xb7 19. Qg3 Kc6 20. Qxg6 Rh6
21. Bxh6 Bxh6 22. Qxh6 e3 23. Qxh5 exf2+ 24. Kxf2 Ne4+ 25. Kf3 Nd2+ 26. Kf4
Qe4+ 27. Kg3 f4+ 28. Kh3 Qd3+ 29. Kg4 f3 30. Nxf3 Nxf3 31. gxf3 Qe3 32. Rae1
Qd3 33. h4 Nd6 34. Re7 Qd2 35. Rb1 Qg2+ 36. Kf4 Qh2+ 37. Kg5 Qg3+ 38. Qg4
Qf2 39. Qxd7+ Kd5 40. Re5+ Kc4 41. Qe6+ Kd3 42. Rd1+ Kc2 43. Qb3#
{Black checkmated}
1-0